 Dungeon Crawl Stone Soup version 0.28.0-45-g0d030f2227 (webtiles) character file.

Game seed: 8348096167317888723

578 MisterFreud the Poker (level 7, -3/60 (62) HPs)
             Began as a Naga Fighter on Apr 25, 2022.
             Was an Initiate of Ru.
             Slain by a wight
             ... wielding a +3 great sword
              (12 damage)
             ... on level 5 of the Dungeon.
             The game lasted 00:04:28 (3774 turns).

MisterFreud the Poker (Naga Fighter)                Turns: 3774, Time: 00:04:28

HP:   -3/60 (62)    AC: 10    Str: 20    XL:     7   Next: 36%
MP:   7/7           EV:  5    Int:  8    God:    Ru [......]
Gold: 148           SH:  5    Dex: 11    Spells: 6/6 levels left

rFire   . . .      SeeInvis +   a - +0 trident (chaos)
rCold   . . .      Faith    +   c - +1 buckler
rNeg    . . .      Spirit   .   b - +0 scale mail
rPois   +          Reflect  .   (no helmet)
rElec   .          Harm     .   (no cloak)
rCorr   +          Rampage  .   (no gloves)
Will    .....                   e - +0 barding
Stlth   ..........              n - amulet of faith
HPRegen 0.20/turn               f - ring of resist corrosion
MPRegen 0.10/turn               (no ring)

@: lightly drained, very slow
A: AC +2, large, see invisible, deformed body, poison resistance, slowness 2,
spit poison 1, naga tail 1
a: Spit Poison, Renounce Religion


You were on level 5 of the Dungeon.
You worshipped Ru.
Ru was noncommittal.
You visited 2 branches of the dungeon, and saw 6 of its levels.

You collected 148 gold pieces.

Inventory:

Hand Weapons
 a - a +0 trident of chaos (weapon)
Missiles
 j - 6 atropa-tipped darts
 k - 3 boomerangs
Armour
 b - a +0 scale mail (worn)
 c - a +1 buckler (worn)
 e - a +0 barding (worn)
Jewellery
 f - a ring of resist corrosion (left hand)
 n - an amulet of faith (around neck)
 o - an amulet of regeneration
Scrolls
 h - 6 scrolls of identify
 l - a scroll of amnesia
Potions
 d - 3 potions of might
 g - a potion of flight {unknown}
 i - 3 potions of heal wounds
 m - a potion of haste


   Skills:
 - Level 3.0 Fighting
 + Level 7.9 Polearms
 - Level 2.4 Armour
 - Level 2.4 Shields


You had 6 spell levels left.
You didn't know any spells.
Your spell library contained the following spells:

 Spells                   Type           Power      Damage    Failure   Level
 Freeze                   Ice            0%         1d3       83%         1
 Static Discharge         Conj/Air       0%         N/A       93%         2
 Frozen Ramparts          Ice            0%         1d2       99%         3
 Animate Dead             Necr           0%         N/A       100%        4
 Dispel Undead            Necr           0%         3d6       100%        4
 Hailstorm                Conj/Ice       0%         3d3       100%        4
 Sticky Flame             Conj/Fire      0%         2d3       100%        4
 Haunt                    Necr/Summ      0%         N/A       100%        7
 Infestation              Necr           0%         N/A       100%        8


Dungeon Overview and Level Annotations

Branches:
Dungeon (5/15)             Temple (1/1) D:4

Altars:
Ashenzari
Cheibriados
Dithmenos
Elyvilon
Fedhas
Gozag
Hepliaklqana
Kikubaaqudgha
Makhleb
Nemelex Xobeh
Qazlal
Ru
Sif Muna
Trog
Uskayaw
Vehumet
Wu Jian
Xom
Yredelemnul
Zin
The Shining One

Annotations:
D:4 3 runed translucent doors, RatCamp's ghost, amateur DgTm


Innate Abilities, Weirdness & Mutations

Your serpentine skin is tough. (AC +2)
You have supernaturally acute eyesight. (SInv)
Armour fits poorly on your strangely shaped body.
Your system is resistant to poisons. (rPois)
You cover ground very slowly.
You can spit poison.
You have a snake-like lower body.


Message History

A wight comes into view. It is wielding a +0 great sword.
The white imp hits you but does no damage.
You closely miss the white imp.
An orc comes into view. It is wielding a +0 dagger.
The orc hits you but does no damage.
The white imp hits you but does no damage.
You puncture the white imp!
The white imp is almost dead.
You block the orc's attack.
A wight comes into view. It is wielding a +4 battleaxe.
The orc hits you with a +0 club.
A wight comes into view. It is wielding a +4 morningstar.
The white imp hits you but does no damage.
You hit the orc. Lightning courses through the orc!
You kill the orc!
The orc hits you but does no damage.
You barely miss the wight. The orc hits you with a +0 club.
The wight barely misses you.
You barely miss the wight. You block the orc's attack.
The wight hits you but does no damage.
You hit the wight but do no damage. Lightning courses through the wight!
You destroy the wight!
The orc hits you but does no damage.
You closely miss the wight. The white imp gestures at you.
The puff of frost hits you!
The wight hits you with a +3 great sword!
* * * LOW HITPOINT WARNING * * *
You feel drained.
* * * LOW HITPOINT WARNING * * *
The orc barely misses you.
An orc comes into view.
It is wielding a +2 short sword of venom.
Unknown command.
Okay, then.
Unknown command.
The white imp gestures at you. The puff of frost hits you.
* * * LOW HITPOINT WARNING * * *
The wight hits you with a +3 great sword!
You die...

## ### ..####
###.###########
......###....#....##..##
...#.#.....#.#...#...#
#.#...o.....#...#..##
##....)5.............#
#.:...oz@........##..####
.:...#..z##.........##....#
.... #.z##........#..##....
... #...#.......###.###....
.............###.......##
......##.#......#......#.##
...o.# .# ........#..##..#
..... .# ....... #..<...#
...## #. #.....##


You could see 3 wights, a white imp and 3 orcs.

Vanquished Creatures
  A steam dragon (D:5)
  A floating eye (shapeshifter) (D:4)
  An ice beast (D:5)
  A wight (D:5)
  2 hounds (D:4)
  3 gnolls (D:4)
  6 adders
  A howler monkey skeleton (D:4)
  A dart slug (D:3)
  3 orcs
  7 ball pythons
  5 endoplasms
  4 giant cockroaches
  5 goblins
  10 hobgoblins
  3 quokkas (D:1)
  8 bats
  2 frilled lizards
  6 kobolds
  6 rats
76 creatures vanquished.

Vanquished Creatures (others)
  3 plants (D:4)
3 creatures vanquished.

Grand Total: 79 creatures vanquished

Notes
Turn   | Place    | Note
-------+----------+-------------------------------------------
     0 | D:1      | MisterFreud the Naga Fighter began the quest for the Orb.
     0 | D:1      | Reached XP level 1. HP: 21/21 MP: 1/1
   159 | D:1      | Reached XP level 2. HP: 17/28 MP: 2/2
   282 | D:1      | Found a faded altar of an unknown god.
   500 | D:1      | Reached skill level 3 in Polearms
   914 | D:1      | Reached XP level 3. HP: 32/34 MP: 3/3
  1450 | D:2      | Reached skill level 4 in Polearms
  1838 | D:3      | Reached XP level 4. HP: 39/42 MP: 4/4
  2480 | D:4      | Noticed RatCamp's ghost (amateur DgTm)
  2480 | D:4      | Noticed a kobold brigand
  2480 | D:4      | Found a runed translucent gate.
  2480 | D:4      | Found a runed translucent gate.
  2576 | D:4      | Reached skill level 5 in Polearms
  2576 | D:4      | Reached XP level 5. HP: 47/49 MP: 5/5
  2645 | D:4      | Noticed a glowing shapeshifter
  2645 | D:4      | an iguana changed into a glowing shapeshifter
  2645 | D:4      | Noticed a shining eye
  2645 | D:4      | a glowing shapeshifter changed into a shining eye
  2650 | D:4      | Noticed an orb spider
  2650 | D:4      | a shining eye changed into an orb spider
  2651 | D:4      | Noticed a floating eye
  2651 | D:4      | an orb spider changed into a floating eye
  2654 | D:4      | Killed a floating eye
  2655 | D:4      | Reached skill level 6 in Polearms
  2655 | D:4      | Reached XP level 6. HP: 56/56 MP: 6/6
  2681 | D:4      | Found a staircase to the Ecumenical Temple.
  2687 | Temple   | Entered the Ecumenical Temple
  2998 | Temple   | Became a worshipper of Ru the Awakened
  3150 | D:4      | Found a runed translucent gate.
  3615 | D:5      | Entered Level 5 of the Dungeon
  3615 | D:5      | Noticed an ice beast
  3635 | D:5      | Killed an ice beast
  3636 | D:5      | Reached skill level 7 in Polearms
  3738 | D:5      | Noticed a steam dragon
  3744 | D:5      | Killed a steam dragon
  3745 | D:5      | Reached XP level 7. HP: 31/62 MP: 7/7
  3774 | D:5      | Slain by a wight

Illustrated notes

Levels and vault maps discovered:
D:1:      saegor_arrival_miasma, layout_loops_corners,
          shapermc_ecumenical_altar_flowoftime
D:2:      layout_rooms, minmay_unequal
D:3:      layout_basic
D:4:      layout_basic, minmay_temple_entry_gardened_gates,
          nicolae_ossuary_entry_ruins, gammafunk_ghost_nasty_kobolds,
          serial_bayou_pond_d
D:5:      layout_cave_pools
Temple:   roderic_octagonal_lattice_temple

Skill      XL: |  1  2  3  4  5  6 |
---------------+-------------------+-----
Polearms       | 3 4 5 6 7 |  7.9
Fighting       | |  3.0
Armour         | |  2.4
Shields        | |  2.4

Action                   |  1- 3 |  4- 6 |  7- 9 || total
-------------------------+-------+-------+-------++-------
Melee: Trident           |    76 |   111 |    10 ||   197
 Abil: Spit Poison       |    30 |    20 |       ||    50
  Use: Scroll            |       |     8 |       ||     8
Armor: Scale mail        |    22 |    47 |     8 ||    77
Dodge: Dodged            |    21 |    26 |     2 ||    49
Block: Buckler           |    16 |    11 |     2 ||    29
